 Seeded DCSS version 0.31-a0-703-gcfe89afef6 (webtiles) character file.

Game seed: 5017591152642433436 (custom seed)

2 bmack86 the Shield-Bearer (level 1, 19/19 HPs)
             Began as a Minotaur Fighter on Sept 8, 2023.
             Quit the game on level 1 of the Dungeon.
             The game lasted 00:00:32 (72 turns).

bmack86 the Shield-Bearer (Minotaur Fighter)          Turns: 72, Time: 00:00:33

Health: 19/19      AC:  6    Str: 20    XL:     1   Next: 25%
Magic:  0/0        EV:  9    Int:  5    God:
Gold:   11         SH:  4    Dex:  9    Spells: 0/0 levels left

rFire   . . .        a - +0 war axe
rCold   . . .        c - +0 buckler
rNeg    . . .        b - +0 scale mail
rPois   .            (helmet restricted)
rElec   .            (no cloak)
rCorr   .            (no gloves)
SInv    .            (no boots)
Will    .....        (no amulet) Stlth
                     (no ring)
HPRegen 0.23/turn    (no ring)
MPRegen 0.07/turn

%: no passive effects
@: no status effects
A: horns 2, retaliatory headbutt
a: no special abilities


You were on level 1 of the Dungeon.
You visited 1 branch of the dungeon, and saw 1 of its levels.

You collected 11 gold pieces.

Inventory:

Hand Weapons
 a - a +0 war axe (weapon)
Armour
 b - a +0 scale mail (worn)
 c - a +0 buckler (worn)
Scrolls
 e - a scroll of acquirement
Potions
 d - a potion of might


   Skills:
 - Level 3.6 Fighting
 + Level 2.5 Axes
 - Level 3.6 Armour
 * Level 3.7 Shields


You couldn't memorise any spells.
You didn't know any spells.
Your spell library was empty.

Dungeon Overview and Level Annotations

Branches:
Dungeon (1/15)

Altars:


Innate Abilities, Weirdness & Mutations

You have a pair of horns on your head.
You reflexively headbutt those who attack you in melee.


Message History

Press ? for a list of commands and other information.
Found a sling and 11 gold pieces.
Found a staircase leading out of the dungeon.
You enter the shallow water.
Moving in this stuff is going to be slow.
You now have 11 gold pieces.
You enter the shallow water.
Moving in this stuff is going to be slow.
There is a staircase leading out of the dungeon here.
You enter the shallow water.
Moving in this stuff is going to be slow.
An endoplasm comes into view.
You hit the endoplasm. You headbutt the endoplasm.
You kill the endoplasm!
A ball python comes into view.
Found a scroll labelled FONWIE BIHA.
You closely miss the ball python. The ball python misses you.
You furiously retaliate!
You headbutt the ball python. The ball python closely misses you.
The ball python bites you but does no damage.
The ball python grabs you. The ball python constricts you.
You barely miss the ball python.
The ball python is moderately wounded.
The ball python barely misses you. The ball python constricts you.
You closely miss the ball python. Your headbutt misses the ball python.
The ball python is moderately wounded.
The ball python bites you but does no damage.
The ball python constricts you. The ball python barely misses you.
The ball python constricts you.
You closely miss the ball python. Your headbutt misses the ball python.
The ball python is moderately wounded.
The ball python bites you but does no damage.
The ball python constricts you. The ball python barely misses you.
You furiously retaliate!
You headbutt the ball python.
You kill the ball python!
You see here a ball python corpse.
e - a scroll labelled FONWIE BIHA This is a scroll of acquirement!
Unknown command.
Are you sure you want to abandon this character and quit the game? (Confirm with "yes".)

#####
#@..#############
#....†..........#
#.......####.####..#
#..#####......# #..#
#. #.###..# #..## #
#.. ...# #....
#.###.## ##.## #.#
#. #.#. ..# #. #.#
#.


There were no monsters in sight!

Vanquished Creatures
  An endoplasm (D:1)
  A ball python (D:1)
2 creatures vanquished.

Notes
Turn   | Place    | Note
-------+----------+-------------------------------------------
     0 | D:1      | bmack86 the Minotaur Fighter began the quest for the Orb.
     0 | D:1      | Reached XP level 1. HP: 19/19 MP: 0/0
    72 | D:1      | Identified a scroll of acquirement
    72 | D:1      | Quit the game

Illustrated notes

Levels and vault maps discovered:
D:1:      eino_arrival_water_star, layout_loops_ring

Action                     || total
---------------------------++-------
  Melee: War axe           ||     5
         Headbutt          ||     1
 Armour: Scale mail        ||     3
  Dodge: Dodged            ||     5

Table legend: (Time is in decaauts)
 A = Elapsed time spent in this place.
 B = Non-inter-level travel time spent in this place.
 C = Inter-level travel time spent in this place.
 D = Time resting spent in this place.
 E = Time spent auto-exploring this place.
 F = Levels seen in this place.
 G = Mean time per level.
                   A        B        C        D        E       F      G
               +--------+--------+--------+--------+--------+-----+--------+
         Total |     79 |     79 |      0 |      0 |      0 |   1 |   79.0 |
       Dungeon |     79 |     79 |      0 |      0 |      0 |   1 |   79.0 |
               +--------+--------+--------+--------+--------+-----+--------+

Top non-repeatable levels by time:
     D:1: 79 daAuts
